 Seeded DCSS version 0.32-a0-33-g74fbe469d6 (webtiles) character file.

Game seed: 9872065412798756122 (custom seed)

52 timneilson the Ruffian (level 3, 0/24 HPs)
             Began as an Octopode Shapeshifter on Jan 20, 2024.
             Was an Initiate of Gozag.
             Slain by Sigmund
             ... wielding a +0 scythe of protection
              (10 damage)
             ... on level 3 of the Dungeon.
             The game lasted 00:02:31 (2338 turns).

timneilson the Ruffian (Octopode Shapeshifter)      Turns: 2338, Time: 00:02:32

Health: 0/24       AC:  1    Str: 15    XL:     3   Next: 85%
Magic:  0/3        EV: 13    Int: 12    God:    Gozag
Gold:   118        SH:  0    Dex: 11    Spells: 2/2 levels left

rFire   . .          .
                       - Unarmed
rCold   . . .        (no shield)
rNeg    . . .        (helmet currently unavailable)
rPois   .            m - amulet of guardian spirit
rElec   .            (no ring)
rCorr   .            (no ring)
SInv    .            (no ring)
Will    .....        (no ring)
Stlth   +++          (no ring)
HPRegen 0.24/turn    (no ring)
MPRegen 0.08/turn    (no ring)
                     (no ring)

%: guardian spirit
@: beast-form, invisible
A: beast (slay +1), almost no armour, amphibious, 8 rings, camouflage 1,
gelatinous body 1, (nimble swimmer 1), tentacles
a: Begin Untransformation, Renounce Religion, Potion Petition, Call Merchant,
Bribe Branch


You were on level 3 of the Dungeon.
You worshipped Gozag.
Gozag was aware of your devotion.
You were a hulking beast.
You visited 1 branch of the dungeon, and saw 3 of its levels.

You collected 158 gold pieces.
You paid 40 gold pieces to Gozag.

Inventory:

Missiles
 f - 9 poisoned darts (quivered)
Jewellery
 m - an amulet of guardian spirit (around mantle)
Talismans
 b - a beast talisman
 c - a flux talisman
Scrolls
 e - a scroll of revelation
 h - a scroll of fear
 j - a scroll of brand weapon
 k - a scroll of identify
 l - a scroll of poison
Potions
 a - a potion of lignification
 d - 2 potions of magic {unknown}
 i - a potion of enlightenment {unknown}
 n - a potion of heal wounds
 o - a potion of brilliance {unknown}


   Skills:
 * Level 1.8 Fighting
 * Level 2.6 Dodging
 + Level 1.2 Stealth
 * Level 3.4 Unarmed Combat
 * Level 3.3 Shapeshifting


You had 2 spell levels left.
You didn't know any spells.
Your spell library was empty.

Dungeon Overview and Level Annotations

Branches:
Dungeon (3/15)

Altars:
Dithmenos
Gozag
Nemelex Xobeh
Xom

Shops:
D:1 :

Annotations:
D:3 3 runed translucent doors, Sigmund; dacreux's ghost, weakling GnWn


Innate Abilities, Weirdness & Mutations

You are a hulking beast.
Your limbs bulge with bestial killing power. (Slay +1)
You cannot wear most types of armour.
You are amphibious.
You can wear up to eight rings at the same time.
Your skin changes colour to match your surroundings (Stealth+).
Your rubbery body absorbs attacks. (AC +1, EV +1)
((You are camouflaged when in or above water. (Stealth+)))
You have tentacles for arms and can constrict up to eight enemies at once.


Message History

You see here a +0 lajatang.
Found a short sword.
You see here a +0 short sword.
Found a ring mail.
You now have 118 gold pieces (gained 6).
You see here a +0 short sword.
You see here a +0 lajatang.
You enter the shallow water.
Found a robe.
The kobold shouts!
You hear a shout! x4
Sigmund the Dreaded comes into view.
He is wielding a +0 scythe of protection.
You fade into invisibility!
The helpless Sigmund fails to defend himself.
You bludgeon Sigmund! Your grab misses Sigmund.
Sigmund is moderately wounded.
Sigmund closely misses you.
You tentacle-slap Sigmund but do no damage.
Your grab misses Sigmund.
Sigmund is moderately wounded.
You catch the helpless Sigmund completely off-guard!
You tentacle-slap Sigmund but do no damage.
You grab Sigmund. You squeeze Sigmund.
Sigmund is heavily wounded.
You constrict Sigmund, but do no damage.
Sigmund hits you with a +0 scythe of protection!
You tentacle-slap Sigmund.
Sigmund is heavily wounded.
You constrict Sigmund, but do no damage.
Sigmund hits you with a +0 scythe of protection.
You strike the helpless Sigmund from behind!
You tentacle-slap Sigmund. You squeeze Sigmund, but do no damage.
Sigmund is severely wounded.
You constrict Sigmund. You tentacle-slap Sigmund.
Sigmund is almost dead.
You constrict Sigmund, but do no damage.
Sigmund hits you with a +0 scythe of protection!
You die...
Sigmund begins carving another notch in his scythe.
Your body crumbles into a pile of gold.

..........#
..........#
..........#
.........##
...##...###. #######.#
#.. #)#
#...########### #.#
#.............####
#.###....@h...........
#..##.............###
##..#...##....#.###
### ##.###
##.......#####~# #.#
###..[......#~# #.##
####......~~# #..##
##.###~~~# ##..# #.#
#~≈≈##g ##.## #.#
#~~≈≈#.


You could see Sigmund (unable to see you).

Vanquished Creatures
  2 adders
  A ribbon worm (D:3)
  A bat (D:1)
  6 endoplasms
  A giant cockroach (D:2)
  3 goblins
  4 hobgoblins (D:2)
  A ball python (D:2)
  2 frilled lizards (D:1)
  5 kobolds
  4 rats
30 creatures vanquished.

Notes
Turn   | Place    | Note
-------+----------+-------------------------------------------
     0 | D:1      | timneilson the Octopode Shapeshifter began the quest for
                  | the Orb.
     0 | D:1      | Reached XP level 1. HP: 13/13 MP: 1/1
   267 | D:1      | Found Logiotz's Book Emporium.
   337 | D:1      | Reached XP level 2. HP: 12/18 MP: 2/2
  1285 | D:2      | Reached skill level 1 in Stealth
  1285 | D:2      | Reached XP level 3. HP: 23/23 MP: 3/3
  1754 | D:2      | Found a faded altar of an unknown god.
  2047 | D:3      | Found a sparkling altar of Nemelex Xobeh.
  2048 | D:3      | Found an opulent altar of Gozag.
  2053 | D:3      | Became a worshipper of Gozag Ym Sagoz the Greedy
  2067 | D:3      | Found a runed translucent gate.
  2067 | D:3      | Found a runed translucent gate.
  2067 | D:3      | Found a runed translucent gate.
  2067 | D:3      | Noticed dacreux's ghost (weakling GnWn)
  2071 | D:3      | Identified the +2 leather armour of Nubi {rElec Regen+}
  2137 | D:3      | Found a shadowy altar of Dithmenos.
  2140 | D:3      | Found a shimmering altar of Xom.
  2325 | D:3      | Noticed Sigmund
  2338 | D:3      | Slain by Sigmund

Illustrated notes

Levels and vault maps discovered:
D:1:      dpeg_arrival_stone_temple_mockup, layout_loops_corners, serial_shops,
          shop, minmay_split_cup_large
D:2:      layout_basic, chequers_ecumenical_altar_grove, chequers_jeans
D:3:      cheibrodos_thug_alley, layout_rooms, grunt_temple_overflow_opulence,
          grunt_temple_overflow_open, biasface_ghost_orc_armoury, uniq_sigmund

Skill      XL: |  1  2 |
---------------+-------+-----
Stealth        | 1 |  1.2
Fighting       | |  1.8
Dodging        | |  2.6
Unarmed Combat | |  3.4
Shapeshifting  | |  3.3

Action                     || total
---------------------------++-------
  Melee: Unarmed           ||    61
         Constrict         ||    17
         Tentacles         ||    15
         Punch             ||     1
    Use: Scroll            ||    11
         Potion            ||     1
   Stab: Sleeping          ||     6
         Invisible         ||     2
 Armour: Skin              ||    26
  Dodge: Dodged            ||    31

Table legend: (Time is in decaauts)
 A = Elapsed time spent in this place.
 B = Non-inter-level travel time spent in this place.
 C = Inter-level travel time spent in this place.
 D = Time resting spent in this place.
 E = Time spent auto-exploring this place.
 F = Levels seen in this place.
 G = Mean time per level.
                   A        B        C        D        E       F      G
               +--------+--------+--------+--------+--------+-----+--------+
         Total |   2333 |   2214 |    119 |    130 |   1740 |   3 |  777.7 |
       Dungeon |   2333 |   2214 |    119 |    130 |   1740 |   3 |  777.7 |
               +--------+--------+--------+--------+--------+-----+--------+

Top non-repeatable levels by time:
     D:1: 1038 daAuts
     D:2: 919 daAuts
     D:3: 375 daAuts
